 Dungeon Crawl Stone Soup version 0.13.0-13-g27bfa31 (webtiles) character file.

1160 Antur the Ducker (level 7, -1/53 HPs)
             Began as a Black Draconian Earth Elementalist on Oct 19, 2013.
             Shot with an arrow by a centaur (5 damage)
             ... on Level 8 of the Dungeon.
             The game lasted 00:22:34 (4779 turns).

Antur the Ducker (DrEE)                             Turns: 4779, Time: 00:22:35

HP  -1/53        AC 13     Str 10      XL: 7   Next: 74%
MP  13/13        EV 14     Int 16      God:
Gold 288         SH  0     Dex 13      Spells:  3 memorised,  5 levels left

Res.Fire  : . . .   See Invis. : .     - Unarmed
Res.Cold  : . . .   Warding    : .   (armour unavailable)
Life Prot.: . . .   Conserve   : .   (no shield)
Res.Poison: .       Res.Corr.  : .   (helmet restricted)
Res.Elec. : +       Clarity    : .   c - +1 cloak
Sust.Abil.: . .     Spirit.Shd : .   (no gloves)
Res.Mut.  : .       Stasis     : .   o - +1 pair of elf boots (curse)
Res.Rott. : .       Flight     : .   (no amulet)
Saprovore : . . .                    (no ring)
                                     q - +3 ring of protection

@: slightly resistant to hostile enchantments, fairly stealthy
A: breathe lightning, unfitting armour, electricity resistance, AC +6
a: Breathe Lightning


You were on level 8 of the Dungeon.
You were not hungry.

You visited 1 branch of the dungeon, and saw 8 of its levels.

You collected 268 gold pieces.

Inventory:

Missiles
 k - 47 stones (quivered)
Armour
 c - a +1 cloak (worn)
 o - a cursed +1 pair of elven boots (worn)
Magical devices
 b - a wand of random effects (0)
 f - a wand of fire (0)
 w - a wand of random effects (16)
Comestibles
 g - 2 meat rations
 i - a bread ration
 l - 2 chokos
 s - a rotting chunk of adder flesh
 t - a rotting chunk of rat flesh
Scrolls
 e - a scroll of noise
 h - a scroll of teleportation
 j - a scroll of random uselessness
 p - a scroll of magic mapping
 u - a scroll of identify
 v - a scroll of curse armour
Jewellery
 q - a +3 ring of protection (left hand)
 r - an uncursed ring of poison resistance {unknown}
Potions
 a - 2 potions of brilliance
 n - a potion of might
Books
 d - a book of Geomancy

   Spells                             Type                      Level
   *Sandblast                         Earth                        1
   *Stoneskin                         Transmutation/Earth          2
   *Passwall                          Transmutation/Earth          3
   Stone Arrow                        Conjuration/Earth            3
   Petrify                            Transmutation/Earth          4
   Lee's Rapid Deconstruction         Earth                        5


   Skills:
 * Level 4.0 Fighting
 + Level 4.2 Dodging
 + Level 2.5 Stealth
 * Level 3.4 Unarmed Combat
 + Level 2.5 Spellcasting
 + Level 1.2 Transmutations
 + Level 3.6 Earth Magic
 + Level 2.5 Evocations


You had 5 spell levels left.
You knew the following spells:

 Your Spells              Type           Power        Failure   Level  Hunger
a - Sandblast             Erth           ##....       6%          1    #......
b - Stoneskin             Trmt/Erth      #.........   12%         2    ##.....
c - Passwall              Trmt/Erth      #.........   21%         3    ###....


Dungeon Overview and Level Annotations

Branches:
Dungeon (8/27)
 Temple: D:4-7          Orc: D:6-11        Lair: D:8-13

Altars:

Shops:
D:4 *

Annotations:
D:4 Edmund
D:8 Dowan, Duvessa


Innate Abilities, Weirdness & Mutations

You can breathe wild blasts of lightning.
Your glossy black scales are hard (AC +6).
Your body does not fit into most forms of armour.
Your cold-blooded metabolism reacts poorly to cold.
You are resistant to electric shocks.


Message History

Evoke which item? (* to show all) (? for menu, Esc to quit)
Zapping:
w - a wand of random effects
Press: ? - help, Shift-Dir - straight line, f - centaur
Aim: a centaur, wielding a bow (heavily wounded) Nothing appears to happen.
The centaur shoots an arrow.
The arrow misses you.
Evoke which item? (* to show all) (? for menu, Esc to quit)
Zapping:
w - a wand of random effects {zapped: 1}
Press: ? - help, Shift-Dir - straight line, p - centaur Nothing appears to happen.
The centaur shoots an arrow.
The arrow hits you!
* * * LOW HITPOINT WARNING * * *
The centaur shoots an arrow.
The arrow hits you!
* * * LOW HITPOINT WARNING * * *
Evoke which item? (* to show all) (? for menu, Esc to quit)
Zapping:
w - a wand of random effects {zapped: 2}
Press: ? - help, Shift-Dir - straight line, f - goliath beetle
Aim: a goliath beetle The goliath beetle flickers and vanishes!
Deactivating autopickup; reactivate with Ctrl-A.
The centaur shoots an arrow.
The arrow hits you!
You die...

###.#
#B##...# #.#
##%##...# #.#
#.((....###.#
#.#
#....c......#
#.#
#.###..######
#.# #.
#.......# #.
#.#####.# #5
#.# ## #@#
#..(..#
#.###.# #. .#
# #


You could see a centaur.

Vanquished Creatures
  Grinder (D:6)
  An ogre (D:4)
  2 centaurs (D:5)
  A giant frog (D:8)
  A crimson imp (D:5)
  A jelly (D:8)
  An orc priest (D:5)
  Crazy Yiuf (D:2)
  2 worker ants (D:5)
  A hound skeleton (D:5)
  8 adders
  2 worms
  7 giant geckos
  8 orcs
  A ball python (D:5)
  3 giant cockroaches
  7 goblins
  6 hobgoblins
  4 jackals (D:5)
  11 bats
  17 giant newts
  A goblin skeleton (D:4)
  A hobgoblin skeleton (D:4)
  A jackal skeleton (D:3)
  5 kobolds
  A kobold zombie (D:5)
  A quokka zombie (D:5)
  11 rats
107 creatures vanquished.

Notes
Turn   | Place    | Note
--------------------------------------------------------------
     0 | D:1      | Antur, the Draconian Earth Elementalist, began the quest for the Orb.
     0 | D:1      | Reached XP level 1. HP: 14/14 MP: 3/3
   325 | D:1      | Reached XP level 2. HP: 17/20 MP: 1/4
   726 | D:1      | Reached XP level 3. HP: 26/26 MP: 3/6
   736 | D:1      | Learned a level 2 spell: Stoneskin
  1117 | D:1      | Reached skill level 1 in Unarmed Combat
  1621 | D:2      | Reached XP level 4. HP: 33/33 MP: 6/8
  1698 | D:2      | Noticed Crazy Yiuf
  1777 | D:2      | Killed Crazy Yiuf
  1777 | D:2      | Reached skill level 4 in Earth Magic
  2037 | D:2      | Learned a level 3 spell: Passwall
  2638 | D:3      | Reached XP level 5. HP: 38/38 MP: 9/9
  2958 | D:3      | Paralysed by a potion of paralysis for 4 turns
  3546 | D:4      | Noticed Edmund
  3742 | D:4      | Found Psithaigh's General Store.
  3937 | D:4      | Noticed an ogre
  3967 | D:4      | Killed an ogre
  3967 | D:4      | Reached skill level 1 in Fighting
  4059 | D:5      | Entered Level 5 of the Dungeon
  4082 | D:5      | Noticed a centaur
  4086 | D:5      | Killed a centaur
  4086 | D:5      | Reached XP level 6. HP: 42/46 MP: 11/11
  4242 | D:5      | Noticed a centaur
  4250 | D:5      | Killed a centaur
  4252 | D:5      | Reached skill level 1 in Evocations
  4498 | D:5      | Your scales start taking on a glossy black colour.
  4498 | D:5      | Gained mutation: You are resistant to electric shocks. [draconian maturity]
  4498 | D:5      | Reached XP level 7. HP: 44/52 MP: 13/13
  4566 | D:6      | Noticed Grinder
  4574 | D:6      | Killed Grinder
  4574 | D:6      | Reached skill level 4 in Dodging
  4708 | D:8      | Noticed Duvessa
  4708 | D:8      | Noticed Dowan
  4779 | D:8      | Shot with an arrow by a centaur

Action                   |  1- 3 |  4- 6 |  7- 9 || total
-------------------------+-------+-------+-------++-------
Melee: Unarmed           |       |   231 |    51 ||   282
Throw: Stone             |    19 |       |       ||    19
 Cast: Sandblast         |    60 |    18 |       ||    78
       Stoneskin         |     1 |    10 |       ||    11
 Abil: Breathe Lightning |       |       |     2 ||     2
Evoke: Wand              |       |    29 |    11 ||    40
  Use: Scroll            |       |    14 |     3 ||    17
       Potion            |       |     8 |     3 ||    11
 Stab: Invisible         |       |     3 |       ||     3
       Sleeping          |       |     2 |       ||     2
